 Dungeon Crawl Stone Soup version 0.31-a0-819-gf6de2f5ab6 (webtiles) character file.

Game seed: 3432002265564559307

221 dialectric the Ducker (level 5, -6/37 HPs)
             Began as an Octopode Fighter on Sept 23, 2023.
             Mangled by Sigmund
             ... wielding a +0 scythe
              (9 damage)
             ... on level 4 of the Dungeon.
             The game lasted 00:02:25 (2643 turns).

dialectric the Ducker (Octopode Fighter)            Turns: 2643, Time: 00:02:26

Health: -6/37      AC:  1    Str: 15    XL:     5   Next: 98%
Magic:  0/5        EV: 13    Int: 11    God:
Gold:   169        SH:  5    Dex: 13    Spells: 4/4 levels left

rFire   . . .        l - +2 short sword (drain)
rCold   . . .        b - +0 buckler
rNeg    . . .        i - +0 hat
rPois   .            m - amulet of guardian spirit
rElec   .            (no ring)
rCorr   .            (no ring)
SInv    .            (no ring)
Will    .....        (no ring)
Stlth   +++          (no ring)
HPRegen 0.26/turn    (no ring)
MPRegen 0.09/turn    (no ring)
                     (no ring)

%: guardian spirit
@: no status effects
A: almost no armour, amphibious, 8 rings, camouflage 1, gelatinous body 1,
(nimble swimmer 1), tentacles
a: no special abilities


You were on level 4 of the Dungeon.
You visited 1 branch of the dungeon, and saw 4 of its levels.

You collected 169 gold pieces.

Inventory:

Hand Weapons
 a - a +0 long sword
 l - a +2 short sword of draining (weapon)
Armour
 b - a +0 buckler (worn)
 i - a +0 hat (worn)
Jewellery
 m - an amulet of guardian spirit (around mantle)
 q - a +6 ring of intelligence
Wands
 k - a wand of quicksilver (6)
Scrolls
 d - 6 scrolls of identify {unknown}
 f - 2 scrolls of vulnerability {unknown}
 n - a scroll of blinking {unknown}
 o - a scroll of fear {unknown}
 p - a scroll of butterflies {unknown}
 r - a scroll of amnesia {unknown}
Potions
 c - a potion of might
 e - 2 potions of curing {unknown}
 g - 3 potions of attraction {unknown}
 h - a potion of degeneration {unknown}
 j - a potion of enlightenment {unknown}


   Skills:
 + Level 3.7 Fighting
 + Level 1.4(2.6) Short Blades
 + Level 3.3(3.5) Long Blades
 * Level 3.8 Dodging
 + Level 3.3 Stealth
 + Level 3.5 Shields


You had 4 spell levels left.
You didn't know any spells.
Your spell library contained the following spells:

 Spells                   Type           Power      Damage    Failure   Level
 Blink                    Tloc           0%         N/A       56%         2
 Lesser Beckoning         Tloc           0%         N/A       56%         2
 Momentum Strike          Conj/Tloc      0%         3d8       56%         2


Dungeon Overview and Level Annotations

Branches:
Dungeon (4/15)             Temple (0/1) D:4

Altars:

Shops:
D:3 *

Annotations:
D:4 Sigmund


Innate Abilities, Weirdness & Mutations

You cannot wear most types of armour.
You are amphibious.
You can wear up to eight rings at the same time.
Your skin changes colour to match your surroundings (Stealth+).
Your rubbery body absorbs attacks. (AC +1, EV +1)
((You are camouflaged when in or above water. (Stealth+)))
You have tentacles for arms and can constrict up to eight enemies at once.


Message History

You puncture the ball python!
You kill the ball python!
No target in view!
You see here a ball python corpse.
Found a stone staircase leading down.
Found 4 poisoned darts.
No target in view!
You see here 4 poisoned darts.
Found a stone staircase leading down.
Sigmund the Dreaded comes into view.
He is wielding a +0 scythe.
Sigmund shouts!
Sigmund mumbles some strange words.
Sigmund flickers and vanishes!
Deactivating autopickup; reactivate with Ctrl-A.
No target in view!
No target in view!
No target in view!
No target in view!
No target in view!
No target in view!
Something tries to affect you, but you resist.
You are confused.
You bump into the rock wall.
Something hits you.
You bump into the rock wall.
Something hits you!
You're too confused to move!
Something hits you!
You're too confused to move!
You feel less confused. Something hits you!
* * * LOW HITPOINT WARNING * * *
You miss something. Your squeeze misses something. You hit something.
Your squeeze misses something. Something hits you.
* * * LOW HITPOINT WARNING * * *
You hit something. Your squeeze misses something.
Unknown command.
You miss something. Something hits you.
* * * LOW HITPOINT WARNING * * *
You miss something. Your squeeze misses something. Something hits you!
You die...

#.##.######......####
#.##.######.#....##..
#...................#
####.######.#........
#.# #.#.###.### #.#
#.#.# #.# #.# #.#.#
#.# #{# #.#.###.###
#@# #.#........ #.#
#.#####.###
#.######.# #....
#.....##.########†
#####.##(.....# #.
#.#######.# #. #.#
#.# #. #.# #.# #. #.#
#.# #.


There were no monsters in sight!

Vanquished Creatures
  A hound (D:4)
  Natasha (thrice) (D:3)
  An iguana (D:4)
  An adder (D:3)
  2 worms (D:3)
  4 dart slugs
  2 orcs
  5 bats
  6 endoplasms
  2 giant cockroaches
  8 goblins
  9 hobgoblins
  A quokka (D:2)
  8 ball pythons
  A frilled lizard (D:3)
  8 kobolds
  5 rats
67 creatures vanquished.

Notes
Turn   | Place    | Note
-------+----------+-------------------------------------------
     0 | D:1      | dialectric the Octopode Fighter began the quest for the
                  | Orb.
     0 | D:1      | Reached XP level 1. HP: 16/16 MP: 1/1
     6 | D:1      | Noticed a polar bear
     6 | D:1      | Noticed a wyvern
     7 | D:1      | Noticed a black mamba
   130 | D:1      | Reached XP level 2. HP: 21/21 MP: 2/2
   480 | D:2      | Reached XP level 3. HP: 22/26 MP: 3/3
  1069 | D:3      | Noticed Natasha
  1079 | D:3      | Killed Natasha
  1080 | D:3      | Reached skill level 1 in Stealth
  1080 | D:3      | Reached XP level 4. HP: 20/31 MP: 4/4
  1124 | D:3      | Noticed Natasha
  1128 | D:3      | Killed Natasha
  1451 | D:3      | Found Yraupeir's Assorted Antiques.
  1514 | D:3      | Noticed Natasha
  1520 | D:3      | Killed Natasha
  1521 | D:3      | Reached XP level 5. HP: 26/36 MP: 3/5
  2015 | D:4      | Found a staircase to the Ecumenical Temple.
  2128 | D:4      | Reached skill level 1 in Short Blades
  2600 | D:4      | Noticed Sigmund
  2643 | D:4      | Mangled by Sigmund

Illustrated notes

Levels and vault maps discovered:
D:1:      onia_arrival_zoo_common, layout_rooms
D:2:      layout_basic, minmay_fountain_box
D:3:      layout_basic, serial_shops, shop, uniq_natasha
D:4:      minmay_skewed_foursquare, layout_loops_ring,
          minmay_temple_entry_overgrown, uniq_sigmund

Skill      XL: |  1  2  3  4  5 |
---------------+----------------+-----
Stealth        | 1 2 3 |  3.3
Long Blades    | 3 |  3.3
Short Blades   | 1 |  1.4
Fighting       | |  3.7
Dodging        | |  3.8
Shields        | |  3.5

Action                     |  1- 3 |  4- 6 || total
---------------------------+-------+-------++-------
  Melee: Long sword        |    64 |       ||    64
         Constrict         |    16 |    13 ||    29
         Tentacles         |     9 |    10 ||    19
         Short sword       |     6 |    65 ||    71
   Stab: Sleeping          |     4 |     8 ||    12
 Armour: Skin              |    37 |    25 ||    62
  Dodge: Dodged            |    36 |    22 ||    58
  Block: Buckler           |    16 |     9 ||    25

Table legend: (Time is in decaauts)
 A = Elapsed time spent in this place.
 B = Non-inter-level travel time spent in this place.
 C = Inter-level travel time spent in this place.
 D = Time resting spent in this place.
 E = Time spent auto-exploring this place.
 F = Levels seen in this place.
 G = Mean time per level.
                   A        B        C        D        E       F      G
               +--------+--------+--------+--------+--------+-----+--------+
         Total |   2665 |   2610 |     55 |      0 |   2087 |   4 |  666.2 |
       Dungeon |   2665 |   2610 |     55 |      0 |   2087 |   4 |  666.2 |
               +--------+--------+--------+--------+--------+-----+--------+

Top non-repeatable levels by time:
     D:3: 1013 daAuts
     D:4: 629 daAuts
     D:2: 542 daAuts
     D:1: 480 daAuts
